Nobbs, chaotic male elven Wizard --------------------------------- |...............................| -------- | ------------.....------------.| |......| |!>]|...|..|.....+ |.| |....(.| |/.*|...|..|.....| |.| ##)[....<| |...|...|..|...u.| |.| # |...)..| |.(*|.. ||--.....-----|-- ---.| ### |......| | --|--|---@.Z..................| # -------- |..I...@.d@)..{....F.{........".(######## - --|---|--u...-|----...........| .. ...----.|....| ----|----.| |(((|...| +.|....| | |.| |(((|...| |.|..(.| |.| |(((|...| |.|.%..| |.| --------- -.------ -.| . .| --- --- Nobbs the Thaumaturge Experience level: 7 Strength: 12 Dexterity: 16 Constitution: 13 Intelligence: 20 Wisdom: 10 Charisma: 8 Health: 0(44) Energy: 29(68) Def: 1 Gold: 617 Moves: 2929 Dungeon seed: xxt-0uvOq9tLWIbr Game ID: Nobbs_1509477827 Your Inventory: Coins $ - 617 gold pieces Wands b - a wand of create monster (0:12) C - a cursed wand of locking (0:7) F - a cursed wand of digging (0:6) V - a cursed wand of fire (0:7) Weapons a - a blessed +1 quarterstaff (weapon in hands) Armor e - an uncursed +0 cloak of magic resistance (being worn) Scrolls j - an uncursed scroll of genocide Spellbooks l - a blessed spellbook of force bolt m - an uncursed spellbook of magic missile x - an uncursed spellbook of cause fear P - an uncursed spellbook of remove curse Z - a cursed spellbook of detect monsters Potions f - an uncursed potion of speed g - an uncursed potion of water h - a blessed potion of enlightenment Rings c - an uncursed +1 ring of increase accuracy (on left hand) d - an uncursed ring of poison resistance (on right hand) Tools n - an uncursed blindfold Spells and supernatural/magical abilities: Name Level Category Fail Memory a - force bolt 1 attack 0% 86% c - cause fear 3 enchantment 0% 99% m - magic missile 2 attack 0% 86% W - pray for help -- divine ? -- Your skills at the end: Fighting Skills Weapon Skills quarterstaff [Basic] Spellcasting Skills attack spells [Basic] enchantment spells [Basic] Final Attributes: You were piously aligned. You were sleep resistant. You were poison resistant. You were magic-protected. You had infravision. You had a +1 bonus to hit. You are dead. Vanquished creatures: a ghost a giant beetle a gnome king a brown pudding a dwarf lord a pony a yellow light a shrieker a violet fungus 3 gnome lords 3 gnomish wizards 3 dwarves 2 kobold lords 5 hill orcs a werejackal 2 iguanas an acid blob 2 green molds 13 gnomes a gecko 4 jackals 2 foxes 2 kobolds 4 sewer rats 4 grid bugs 3 lichens 7 newts 71 creatures vanquished. Voluntary challenges: You had followed a strict vegan diet until turn 2888. You had followed a strict vegetarian diet until turn 2888. You had been an atheist until turn 2597. You used a wielded weapon 69 times, starting on turn 33. You read items or engraved 8 times, starting on turn 979. You never genocided any monsters. You never polymorphed an object. You never changed form. You used no wishes. You never split a pudding. You never wrote Elbereth's name. You violated your moral code, losing 3 points of alignment, starting on turn 1593. Dungeon overview: The Dungeons of Doom: levels 1 to 4 Level 1 some fountains a long staircase Level 2 a general store, a fountain, a sink Level 3 some fountains, a sink Level 4 some fountains stairs to The Gnomish Mines The Gnomish Mines: levels 5 to 8 Level 5 stairs to The Dungeons of Doom Level 6 Level 7 Level 8 <- You were here some shops, a temple to Ptah, some fountains History has recorded: On T:1 you entered the Dungeons of Doom to retrieve the Amulet of Yendor! On T:321 you reached level 2 of The Dungeons of Doom. On T:475 you reached level 3 of The Dungeons of Doom. On T:668 you advanced to experience level 2. On T:958 you reached level 4 of The Dungeons of Doom. On T:1001 you advanced to experience level 3. On T:1020 you reached level 1 of The Gnomish Mines. On T:1292 you advanced to experience level 4. On T:1553 you advanced to experience level 5. On T:1688 you reached level 2 of The Gnomish Mines. On T:1750 you reached level 3 of The Gnomish Mines. On T:1821 you advanced to experience level 6. On T:2178 you reached level 4 of The Gnomish Mines. On T:2723 you advanced to experience level 7. Score breakdown: Gold: 617 ( 9493 points) Experience: 7 levels (13645 points) Exploration: 8 levels ( 17.39%) (11832 points) Discoveries: 9 items ( 3.26%) ( 5417 points) Valuables value: (no points given unless you survive) Artifact value: 0 ( 0 points) Variety of kills: 27 monsters ( 7.09%) ( 7986 points) Turncount: 2929 turns ( -564 points) Survival: died (score multiplied by 80%) Total score: 38247 Latest messages: You resume your meal. Fiffy picks up an orange gem. Fiffy drops an orange gem. You finish eating the pony corpse. Wait! There's something there you can't see! It hits! You hit it. It hits! The spell misses it. It misses the dog. The dog bites it. It hits the dog. The spell hits the hill orc! You kill the hill orc! The white unicorn butts! The white unicorn kicks! The white unicorn butts! You die... Final status: Goodbye Nobbs the Wizard, killed by a white unicorn... You died in The Gnomish Mines on dungeon level 8 with 38247 points, and 617 pieces of gold, after 2929 moves. You were level 7 with a maximum of 44 hit points when you died.